 Dungeon Crawl Stone Soup version 0.21-a0-442-g848f44b (webtiles) character file.

33 kae the Insei (level 3, -2/29 HPs)
             Began as a Draconian Transmuter on Nov 16, 2017.
             Slain by a worker ant (5 damage)
             ... on level 3 of the Dungeon.
             The game lasted 00:01:14 (1495 turns).

kae the Insei (Draconian Transmuter)                Turns: 1495, Time: 00:01:16

Health: -2/29      AC:  5    Str: 12    XL:     3   Next: 12%
Magic:  6/6        EV: 12    Int: 13    God:
Gold:   60         SH:  0    Dex: 12    Spells: 0/6 levels left

rFire    . . .     SeeInvis .   e - +0 club
rCold    . . .     Gourm    .   (no shield)
rNeg     . . .     Faith    .   (armour unavailable)
rPois    .         Spirit   .   (helmet restricted)
rElec    .         Reflect  .   (no cloak)
rCorr    .         Harm     .   (no gloves)
MR       .....                  (no boots)
Stlth    +.........             (no amulet)
HPRegen  0.09/turn              (no ring)
MPRegen  0.10/turn              (no ring)

@: lethally poisoned (-2 -> -9)
A: unfitting armour, cold-blooded, AC +5
a: no special abilities


You were on level 3 of the Dungeon.
You were not hungry.

You visited 1 branch of the dungeon, and saw 4 of its levels.

You collected 60 gold pieces.

Inventory:

Hand Weapons
 e - a +0 club (weapon)
Missiles
 a - 29 arrows
Books
 b - a book of Changes

   Spells                             Type                      Level
   a - Beastly Appendage              Transmutation                1
   b - Sticks to Snakes               Transmutation                2
   c - Spider Form                    Transmutation/Poison         3
   d - Ice Form                       Ice/Transmutation            4
   e - Blade Hands                    Transmutation                5
Comestibles
 c - 3 bread rations
 g - a fruit
 h - 2 meat rations


   Skills:
 + Level 1.7 Fighting
 - Level 1.7 Dodging
 * Level 3.4 Unarmed Combat
 + Level 2.3 Spellcasting
 * Level 2.5 Transmutations


You couldn't memorise any spells.
You knew the following spells:

 Your Spells              Type           Power        Failure   Level  Hunger
a - Beastly Appendage     Tmut           #.....       9%          1    #......
b - Sticks to Snakes      Tmut           #.......     13%         2    ###....
c - Spider Form           Tmut/Pois      #.........   41%         3    ###....


Dungeon Overview and Level Annotations

Branches:
Dungeon (4/15)
 Temple: D:4-7

Altars:


Innate Abilities, Weirdness & Mutations

Your plain brown scales are hard. (AC +5)
You cannot fit into any form of body armour.
You are cold-blooded and may be slowed by cold attacks.


Message History

You completely miss the worker ant. Your kick misses the worker ant.
The worker ant is lightly wounded.
The worker ant bites you.
You are more poisoned.
The worker ant poisons you! The worker ant barely misses you.
You hit the worker ant. You claw the worker ant.
You tail-slap the worker ant, but do no damage.
The worker ant is heavily wounded.
Your talons disappear.
You feel sick. The worker ant misses you.
You hit the worker ant.
The worker ant is severely wounded.
The worker ant bites you!
* * * LOW HITPOINT WARNING * * *
The worker ant barely misses you.
You hit the worker ant but do no damage.
The worker ant is severely wounded.
* * * LOW HITPOINT WARNING * * *
You feel sick. The worker ant bites you.
You die...

#a# #.# #
#.# #.#
###.##.# #.#
.. ..#.#.#
##.#.##.#.#
.......#.#.#
#.#### #a#
#@# #.# #.#
#.# #.# #.#
#.# #.#


You could see a worker ant.

Vanquished Creatures
  A dart slug (D:2)
  2 orcs (D:3)
  5 bats
  3 goblins
  5 hobgoblins (D:1)
  2 kobolds
  A quokka (D:2)
  2 frilled lizards (D:1)
  6 rats (D:1)
27 creatures vanquished.

Notes
Turn   | Place    | Note
-------+----------+-------------------------------------------
     0 | D:1      | kae the Draconian Transmuter began the quest for the Orb.
     0 | D:1      | Reached XP level 1. HP: 16/16 MP: 3/3
   307 | D:1      | Reached XP level 2. HP: 19/23 MP: 3/5
   327 | D:1      | Learned a level 2 spell: Sticks to Snakes
  1460 | D:2      | Reached XP level 3. HP: 27/29 MP: 4/6
  1465 | D:2      | Learned a level 3 spell: Spider Form
  1467 | D:2      | You fall through a shaft for 2 floors!
  1495 | D:3      | Slain by a worker ant

Vault maps used:
D:1:      dpeg_arrival_oval
D:2:      uniq_crazy_yiuf_cottage, uniq_terence
D:3:      lemuel_crystal_altar, nicolae_ru_sacrificial_ziggurat,
          chequers_ecumenical_altar_simple_redux, first_bread,
          serial_bayou_pond_c, uniq_sigmund, uniq_grinder
D:4:      serial_shops, shop

Action                   || total
-------------------------++-------
Melee: Unarmed           ||    19
       Club              ||   106
       Tailslap          ||    12
       Headbutt          ||     4
       Kick              ||     4
       Punch             ||     2
 Cast: Beastly Appendage ||    11
  Use: Scroll            ||     2
       Potion            ||     1
 Stab: Sleeping          ||     1
  Eat: Chunk             ||     2
Armor: Skin              ||    70
Dodge: Dodged            ||   107

Table legend:
 A = Spawn XP
 B = Non-spawn XP
 C = Spawn XP percentage of total XP
 D = Spawn monster count
 E = Non-spawn monster count
 F = Spawn count percentage of total count
 G = Total turns spent on level
                    A         B        C        D         E        F      G
               +---------+---------+-------+---------+---------+-------+---------
         Total |       0 |      48 |   0.0 |       0 |      27 |   0.0 |  1495
               +---------+---------+-------+---------+---------+-------+---------
           D:1 |       0 |      28 |   0.0 |       0 |      19 |   0.0 |  1168
           D:2 |       0 |      14 |   0.0 |       0 |       6 |   0.0 |   299
           D:3 |       0 |       6 |   0.0 |       0 |       2 |   0.0 |    24
               +---------+---------+-------+---------+---------+-------+---------
